 Dungeon Crawl Stone Soup version 0.31-a0-1074-g0b22e4e0f1 (console) character file.

Game seed: 18251524084819220222

75 jejorda2 the Chopper (level 4, -1/48 (61) HPs)
             Began as a Gnoll Berserker on Dec 5, 2023.
             Was a Believer of Trog.
             Slain by a black bear (5 damage)
             ... on level 4 of the Dungeon.
             The game lasted 00:02:48 (2127 turns).

jejorda2 the Chopper (Gnoll Berserker)              Turns: 2127, Time: 00:02:48

HP:   -1/48 (61)    AC:  7    Str: 19    XL:     4   Next: 31%
MP:   5/5           EV: 11    Int:  6    God:    Trog [**....]
Gold: 176           SH:  0    Dex: 11    Spells: 5/5 levels left

rFire   . . .        a - +0 hand axe
rCold   . . .        (no shield)
rNeg    . . .        j - +0 scale mail
rPois   .            (no helmet)
rElec   .            (no cloak)
rCorr   .            (no gloves)
SInv    .            (no boots)
Will    ++...        (no amulet) Stlth
                     m - +4 ring of slaying
HPRegen 1.28/turn    (no ring)
MPRegen 0.09/turn

%: no passive effects
@: berserking, strong-willed, regenerating, heavily drained, very quick
A: fangs 1, strong nose, distributed training
a: Renounce Religion, Berserk, Trog's Hand


You were on level 4 of the Dungeon.
You worshipped Trog.
Trog was pleased with you.
You visited 1 branch of the dungeon, and saw 4 of its levels.

You collected 176 gold pieces.

Inventory:

Hand Weapons
 a - a +0 hand axe (weapon)
 q - a +0 morningstar
Missiles
 l - 6 poisoned darts
 o - 9 boomerangs
Armour
 j - a +0 scale mail (worn)
Jewellery
 m - a +4 ring of slaying (left hand)
Talismans
 g - a beast talisman
Scrolls
 d - 2 scrolls of enchant weapon {unknown}
 h - a scroll of blinking {unknown}
 k - a scroll of summoning {unknown}
 n - a scroll of identify {unknown}
 p - a scroll of teleportation {unknown}
Potions
 b - a potion of curing {unknown}
 c - a potion of mutation {unknown}
 e - 3 potions of enlightenment {unknown}
 f - 2 potions of invisibility {unknown}
 i - a potion of attraction {unknown}


   Skills:
 + Level 6.6 Fighting
 + Level 1.1 Short Blades
 + Level 1.1 Long Blades
 + Level 6.6 Axes
 + Level 1.1 Maces & Flails
 + Level 1.1 Polearms
 + Level 1.1 Staves
 + Level 1.1 Ranged Weapons
 + Level 1.1 Throwing
 + Level 4.6 Armour
 + Level 4.6 Dodging
 + Level 1.1 Stealth
 + Level 1.1 Shields
 + Level 1.1 Unarmed Combat
 + Level 1.1 Spellcasting
 + Level 0.9 Conjurations
 + Level 0.9 Hexes
 + Level 0.9 Summonings
 + Level 0.9 Necromancy
 + Level 0.9 Translocations
 + Level 0.9 Transmutations
 + Level 0.9 Fire Magic
 + Level 0.9 Ice Magic
 + Level 0.9 Air Magic
 + Level 0.9 Earth Magic
 + Level 0.9 Poison Magic
 + Level 1.2 Invocations
 + Level 1.1 Evocations
 + Level 1.0 Shapeshifting


You had 5 spell levels left.
You didn't know any spells.
Your spell library was empty.

Dungeon Overview and Level Annotations

Branches:
Dungeon (4/15)
 Temple: D:4-7

Altars:

Annotations:
D:4 Edmund


Innate Abilities, Weirdness & Mutations

You have very sharp teeth.
Your uncanny sense of smell can sniff out nearby items.
Your experience applies equally to all skills.


Message History

You kill the hobgoblin!
Trog accepts your kill.
Edmund says, "I might not be good at magic, but I can still kill you!"
Edmund hits you with a +1 dire flail of draining!
You feel drained.
You closely miss Edmund. You hit the black bear.
The orc wizard gestures wildly while chanting.
The orc wizard flickers and vanishes!
Deactivating autopickup; reactivate with Ctrl-A.
Edmund hits you with a +1 dire flail of draining!
* * * LOW HITPOINT WARNING * * *
You feel drained.
* * * LOW HITPOINT WARNING * * *
An orc priest comes into view. It is wielding a +0 hand axe.
The black bear bites you.
* * * LOW HITPOINT WARNING * * *
The black bear closely misses you. The black bear claws you.
* * * LOW HITPOINT WARNING * * *
The orc priest shouts!
You hear a shout!
Unknown command.
Unknown command.
You hit Edmund.
Edmund is lightly wounded.
You slash the black bear! Edmund barely misses you.
You slash Edmund!
Edmund is moderately wounded.
You slash the black bear! The black bear bites you!
* * * LOW HITPOINT WARNING * * *
The black bear claws you but does no damage. x2
Unknown command.
Unknown command.
Unknown command.
You hit Edmund but do no damage.
Edmund is moderately wounded.
You hit the black bear. Edmund closely misses you.
The black bear goes berserk!
Unknown command.
You slash Edmund!
Edmund is severely wounded.
You slash the black bear! The black bear bites you.
You die...

###### #..$.#
#..g.# ∆ #....#
#..?.# #.#
#....######!..<#
#<..<..h@@.o..#
.....#+######....#
### ∆ ...# #.# ..
∆ # ∆ ∆


You could see Edmund, a black bear (berserk) and an orc.

Vanquished Creatures
  2 adders
  A worm (D:3)
  A dart slug (D:2)
  3 orcs
  6 endoplasms
  3 giant cockroaches
  4 goblins
  5 hobgoblins
  3 jackals (D:1)
  4 kobolds
  A quokka (D:3)
  2 ball pythons
  3 bats
  4 frilled lizards
  A rat (D:3)
43 creatures vanquished.

Notes
Turn   | Place    | Note
-------+----------+-------------------------------------------
     0 | D:1      | jejorda2 the Gnoll Berserker began the quest for the Orb.
     0 | D:1      | Reached XP level 1. HP: 23/23 MP: 1/1
   135 | D:1      | Reached XP level 2. HP: 29/29 MP: 2/2
   812 | D:2      | Reached XP level 3. HP: 28/35 MP: 3/3
  1081 | D:2      | Reached skill level 1 in Invocations
  1468 | D:3      | Reached ** piety under Trog
  1537 | D:3      | Reached skill level 1 in Short Blades
  1537 | D:3      | Reached skill level 1 in Long Blades
  1537 | D:3      | Reached skill level 1 in Maces & Flails
  1537 | D:3      | Reached skill level 1 in Polearms
  1537 | D:3      | Reached skill level 1 in Staves
  1537 | D:3      | Reached skill level 1 in Ranged Weapons
  1537 | D:3      | Reached skill level 1 in Throwing
  1537 | D:3      | Reached skill level 1 in Stealth
  1537 | D:3      | Reached skill level 1 in Shields
  1537 | D:3      | Reached skill level 1 in Unarmed Combat
  1537 | D:3      | Reached skill level 1 in Spellcasting
  1537 | D:3      | Reached skill level 1 in Evocations
  1611 | D:3      | Reached XP level 4. HP: 40/41 MP: 5/5
  1639 | D:3      | Reached skill level 1 in Shapeshifting
  2114 | D:4      | Noticed a black bear
  2115 | D:4      | Noticed Edmund
  2125 | D:4      | HP: 2/48 [black bear (7)]
  2127 | D:4      | Slain by a black bear

Illustrated notes

Levels and vault maps discovered:
D:1:      mrwooster_arrival_arrow, layout_loops_cross, minmay_misc_feat_rows
D:2:      layout_basic, minmay_misc_feat_iff
D:3:      layout_loops_ring
D:4:      layout_basic, slow_altar_2, minmay_temple_entry_statues_fountains,
          serial_shops, nicolae_shop_just_a_little_nook, uniq_edmund

Skill      XL: |  1  2  3  4 |
---------------+-------------+-----
Invocations    | 1 |  1.2
Short Blades   | 1 |  1.1
Long Blades    | 1 |  1.1
Maces & Flails | 1 |  1.1
Polearms       | 1 |  1.1
Staves         | 1 |  1.1
Ranged Weapons | 1 |  1.1
Throwing       | 1 |  1.1
Stealth        | 1 |  1.1
Shields        | 1 |  1.1
Unarmed Combat | 1 |  1.1
Spellcasting   | 1 |  1.1
Evocations     | 1 |  1.1
Shapeshifting  | 1 |  1.0
Fighting       | |  6.6
Axes           | |  6.6
Armour         | |  4.6
Dodging        | |  4.6
Conjurations   | |  0.9
Hexes          | |  0.9
Summonings     | |  0.9
Necromancy     | |  0.9
Translocations | |  0.9
Transmutations | |  0.9
Fire Magic     | |  0.9
Ice Magic      | |  0.9
Air Magic      | |  0.9
Earth Magic    | |  0.9
Poison Magic   | |  0.9

Action                     |  1- 3 |  4- 6 || total
---------------------------+-------+-------++-------
  Melee: Hand axe          |    98 |    35 ||   133
         Punch             |     2 |       ||     2
         Bite              |     5 |     2 ||     7
 Invoke: Berserk           |       |     1 ||     1
         Trog's Hand       |       |     1 ||     1
 Armour: Animal skin       |    13 |       ||    13
         Ring mail         |    25 |       ||    25
         Scale mail        |    10 |    26 ||    36
  Dodge: Dodged            |    79 |    14 ||    93

Table legend: (Time is in decaauts)
 A = Elapsed time spent in this place.
 B = Non-inter-level travel time spent in this place.
 C = Inter-level travel time spent in this place.
 D = Time resting spent in this place.
 E = Time spent auto-exploring this place.
 F = Levels seen in this place.
 G = Mean time per level.
                   A        B        C        D        E       F      G
               +--------+--------+--------+--------+--------+-----+--------+
         Total |   2120 |   2022 |     98 |      0 |   1687 |   4 |  530.0 |
       Dungeon |   2120 |   2022 |     98 |      0 |   1687 |   4 |  530.0 |
               +--------+--------+--------+--------+--------+-----+--------+

Top non-repeatable levels by time:
     D:1: 801 daAuts
     D:3: 675 daAuts
     D:2: 632 daAuts
     D:4: 12 daAuts
